 Dungeon Crawl Stone Soup version 0.29-a0-323-g050149af67 (webtiles) character file.

Game seed: 57517780616516123

16 MarkedLamb the Insei (level 2, 17/21 HPs)
             Began as a Merfolk Transmuter on Apr 11, 2022.
             Quit the game on level 2 of the Dungeon.
             The game lasted 00:03:21 (1073 turns).

MarkedLamb the Insei (Merfolk Transmuter)           Turns: 1073, Time: 00:03:21

Health: 17/21      AC:  2    Str: 10    XL:     2   Next: 58%
Magic:  5/5        EV: 13    Int: 12    God:
Gold:   42         SH:  0    Dex: 14    Spells: 2/5 levels left

rFire   . . .      SeeInvis .   e - +0 short sword
rCold   . . .      Faith    .   (no shield)
rNeg    . . .      Spirit   .   a - +0 robe
rPois   .          Reflect  .   (no helmet)
rElec   .          Harm     .   (no cloak)
rCorr   .          Rampage  .   (no gloves)
Will    .....                   (no boots)
Stlth   +.........              (no amulet)
HPRegen 0.07/turn               (no ring)
MPRegen 0.09/turn               (no ring)

@: no status effects
A: (nimble swimmer 2), mertail
a: no special abilities


You were on level 2 of the Dungeon.
You visited 1 branch of the dungeon, and saw 2 of its levels.

You collected 42 gold pieces.

Inventory:

Hand Weapons
 e - a +0 short sword (weapon)
Missiles
 c - 2 atropa-tipped darts
Armour
 a - a +0 robe (worn)
Scrolls
 d - a scroll of blinking {unknown}
Potions
 b - a potion of lignification


   Skills:
 + Level 1.1 Fighting
 + Level 0.7 Short Blades
 + Level 0.3 Axes
 + Level 3.0 Dodging
 + Level 3.6 Unarmed Combat
 + Level 2.2 Spellcasting
 + Level 2.7 Transmutations


You had 2 spell levels left.
You knew the following spells:

 Your Spells              Type           Power      Damage    Failure   Level
a - Beastly Appendage     Tmut           14%        N/A       9%          1
b - Wereblood             Tmut           7%         N/A       13%         2

Your spell library contained the following spells:

 Spells                   Type           Power      Damage    Failure   Level
 Spider Form              Tmut/Pois      4%         N/A       41%         3
 Ice Form                 Ice/Tmut       4%         N/A       83%         4


Dungeon Overview and Level Annotations

Branches:
Dungeon (2/15)

Altars:


Innate Abilities, Weirdness & Mutations

((You are very nimble when in or above water. (Stealth+, EV+, Speed+++)))
Your lower body shifts to a powerful aquatic tail in water.


Message History

A ball python comes into view.
The ball python hisses angrily.
You closely miss the ball python. The ball python barely misses you.
The ball python misses you.
You hit the ball python.
The ball python is severely wounded.
The ball python misses you. The ball python completely misses you.
You hit the ball python but do no damage.
The ball python is severely wounded.
The ball python misses you. The ball python grabs you.
The ball python constricts you. The ball python closely misses you.
The ball python constricts you.
You hit the ball python.
You kill the ball python!
You see here a ball python corpse.
Found a stone staircase leading down.
There is a stone staircase leading down here.
You can't go up here!
You climb downwards.
There is a stone staircase leading up here.
A goblin comes into view. It is wielding a +0 club.
The goblin shouts!
The goblin closely misses you.
You completely miss the goblin. You punch the goblin.
The goblin is moderately wounded.
The goblin hits you with a +0 club.
You hit the goblin but do no damage.
The goblin is moderately wounded.
The goblin hits you with a +0 club.
You hit the goblin.
The goblin is severely wounded.
The goblin closely misses you.
You hit the goblin.
You kill the goblin!
Your Dodging skill increases to level 3!
Things that are here:
a +0 club; a goblin corpse A hobgoblin comes into view.
Unknown command.
Are you sure you want to abandon this character and quit the game? (Confirm with "yes".)

#########
#########......<#
#.......#.#####.#
#.#####.........#
#@# ###.##.##.#
..g....#.#
#.##.##.# .#.####
## #....)..#
#.###.#.#
#.......#
#####.### #.# #.#
#.#


You could see a hobgoblin (asleep).

Vanquished Creatures
  A bat (D:1)
  An endoplasm (D:1)
  3 goblins
  A hobgoblin (D:1)
  2 kobolds (D:1)
  2 ball pythons (D:1)
  A frilled lizard (D:1)
  4 rats (D:1)
15 creatures vanquished.

Notes
Turn   | Place    | Note
-------+----------+-------------------------------------------
     0 | D:1      | MarkedLamb the Merfolk Transmuter began the quest for the
                  | Orb.
     0 | D:1      | Reached XP level 1. HP: 15/15 MP: 3/3
   194 | D:1      | Reached XP level 2. HP: 6/21 MP: 5/5
   712 | D:1      | Learned a level 2 spell: Wereblood
  1073 | D:2      | Quit the game

Illustrated notes

Levels and vault maps discovered:
D:1:      elethiomel_arrival_diamonds, layout_rooms, serial_shops,
          nicolae_shop_bloodbath_and_beyond, minmay_octomino_e4
D:2:      layout_loops_cross

Skill      XL: |  1  2 |
---------------+-------+-----
Dodging        | 3 |  3.0
Fighting       | |  1.1
Short Blades   | |  0.7
Axes           | |  0.3
Unarmed Combat | |  3.6
Spellcasting   | |  2.2
Transmutations | |  2.7

Action                   || total
-------------------------++-------
Melee: Hand axe          ||    16
       Short sword       ||    40
       Punch             ||     3
Armor: Robe              ||    13
Dodge: Dodged            ||    44

Table legend: (Time is in decaauts)
 A = Elapsed time spent in this place.
 B = Non-inter-level travel time spent in this place.
 C = Inter-level travel time spent in this place.
 D = Time resting spent in this place.
 E = Time spent auto-exploring this place.
 F = Levels seen in this place.
 G = Mean time per level.
                   A        B        C        D        E       F      G
               +--------+--------+--------+--------+--------+-----+--------+
         Total |   1079 |   1079 |      0 |    767 |     11 |   2 |  539.5 |
       Dungeon |   1079 |   1079 |      0 |    767 |     11 |   2 |  539.5 |
               +--------+--------+--------+--------+--------+-----+--------+

Top non-repeatable levels by time:
     D:1: 1045 daAuts
     D:2: 34 daAuts
